 Dungeon Crawl Stone Soup version 0.31-a0-692-gf03d1854d5 (webtiles) character file.

Game seed: 11101902071949346654

147 Essalna the Conjurer (level 5, 35/35 HPs)
             Began as a Demonspawn Conjurer on Sept 7, 2023.
             Got out of the dungeon alive.
             The game lasted 00:04:35 (1905 turns).

Essalna the Conjurer (Demonspawn Conjurer)          Turns: 1905, Time: 00:04:36

Health: 35/35      AC:  2    Str:  7    XL:     5   Next: 7%
Magic:  9/10       EV: 12    Int: 22    God:
Gold:   65         SH:  0    Dex: 11    Spells: 8/11 levels left

rFire   . . .        c - +0 dagger
rCold   . . .        (no shield)
rNeg    . . .        a - +0 robe
rPois   .            (no helmet)
rElec   .            (no cloak)
rCorr   .            (no gloves)
SInv    .            (no boots)
Will    .....        (no amulet)
Stlth   ++           (no ring)
HPRegen 0.25/turn    (no ring)
MPRegen 0.12/turn

%: no passive effects
@: no status effects
A: demonic guardian 2, demonic magic 1
a: no special abilities


You escaped.
You visited 1 branch of the dungeon, and saw 2 of its levels.

You collected 65 gold pieces.

Inventory:

Hand Weapons
 c - a +0 dagger (weapon)
Armour
 a - a +0 robe (worn)
Scrolls
 d - a scroll of immolation {unknown}
 e - a scroll of noise {unknown}
 g - 2 scrolls of identify {unknown}
 h - a scroll of enchant armour {unknown}
Potions
 b - a potion of magic
 f - 2 potions of degeneration {unknown}
 i - a potion of berserk rage {unknown}
 j - a potion of brilliance {unknown}


   Skills:
 - Level 1.7 Dodging
 - Level 1.7 Stealth
 + Level 3.7 Spellcasting
 + Level 5.3 Conjurations


You had 8 spell levels left.
You knew the following spells:

 Your Spells              Type           Power      Damage    Failure   Level
a - Magic Dart            Conj           100%       1d8       1%          1
b - Searing Ray           Conj           54%        2d6       1%          2

Your spell library contained the following spells:

 Spells                   Type           Power      Damage    Failure   Level
 Shock                    Conj/Air       60%        1d6       3%          1
 Sting                    Tmut/Pois      16%        1d3       12%         1
 Dazzling Flash           Conj/Hex       30%        N/A       12%         3
 Poisonous Vapours        Pois/Air       8%         N/A       17%         2
 Swiftness                Air            4%         N/A       34%         3
 Fulminant Prism          Conj/Hex       7%         3d7       36%         4
 Iskenderun's Mystic Bla  Conj/Tloc      15%        2d5       36%         4
 Airstrike                Air            2%         2d(1-17)  75%         4
 Olgreb's Toxic Radiance  Pois           4%         N/A       75%         4


Dungeon Overview and Level Annotations

Branches:
Dungeon (2/15)

Altars:
Nemelex Xobeh

Shops:
D:2 *


Innate Abilities, Weirdness & Mutations

A demonic guardian rushes to your aid.
Spells you cast may paralyse adjacent enemies.


Message History

You add the spells Sting, Poisonous Vapours and Olgreb's Toxic Radiance to your library.
The magic dart hits the quokka.
The quokka is heavily wounded.
The magic dart hits the quokka.
You kill the quokka!
You can't see any susceptible monsters within range! (Use Z to cast anyway.)
You can't see any susceptible monsters within range! (Use Z to cast anyway.) 2 orcs come into view.
The orc shouts!
The magic dart hits the orc.
The orc is almost dead.
The orc shouts!
The magic dart hits the orc.
You kill the orc!
An orc wizard comes into view. It is wielding a +0 dagger.
The magic dart hits the orc!
The orc is almost dead.
The orc wizard shouts!
The magic dart hits the orc.
You kill the orc!
The magic dart hits the orc wizard.
The orc wizard is moderately wounded.
The magic dart hits the orc wizard.
The orc wizard is heavily wounded.
The magic dart hits the orc wizard!
The orc wizard is almost dead.
The magic dart hits the orc wizard!
You kill the orc wizard!
You have reached level 5!
Your demonic ancestry asserts itself...
A menacing aura infuses your magic.
Unknown command.
You see here 6 javelins.
Things that are here:
a +0 whip; a kobold skeleton
There is an escape hatch in the ceiling here.
A mysterious force pulls you upwards. The hatch slams shut behind you.
You see here a +0 hand axe.
There is a staircase leading out of the dungeon here.
You have escaped!

...##
##...###........##.#######
##..###..####..##.###.##.#
##......# #.#####...##.#
#..##.## ##.###.#.###.#
###.....#### ##.#.######.#
........#..## ##.## ##...#
.####.....#.###.#.###.#..#
##....#...##.#.#.#.#.###.###
##.......####.#.@.#.####...#
.#.#......##.#.#.#.#.##...(#
..........#.###.#.###.#...>####
.).........## ##.## ##....#...#
............###.#.###..##.#...#
###........#.#.###.##.###.#...#
#...........#####.......†...#
#.......#...##.....####.#...#
###.......##......#### #.#...#


There were no monsters in sight!

Vanquished Creatures
  An orc wizard (D:2)
  Natasha (twice) (D:2)
  An adder (D:2)
  A worm (D:2)
  2 orcs (D:2)
  5 bats
  8 endoplasms
  3 giant cockroaches (D:1)
  2 goblins (D:1)
  4 hobgoblins
  3 jackals (D:2)
  2 kobolds (D:2)
  A quokka (D:2)
  5 ball pythons
  5 frilled lizards
  2 rats (D:2)
47 creatures vanquished.

Vanquished Creatures (collateral kills)
  An adder (D:2)
  A jackal (D:2)
2 creatures vanquished.

Grand Total: 49 creatures vanquished

Notes
Turn   | Place    | Note
-------+----------+-------------------------------------------
     0 | D:1      | Essalna the Demonspawn Conjurer began the quest for the
                  | Orb.
     0 | D:1      | Reached XP level 1. HP: 13/13 MP: 3/3
   238 | D:1      | Gained mutation: A weak demonic guardian rushes to your
                  | aid. [demonic ancestry]
   238 | D:1      | Reached XP level 2. HP: 19/19 MP: 3/5
   583 | D:1      | Learned a level 2 spell: Searing Ray
  1105 | D:2      | Reached XP level 3. HP: 17/24 MP: 0/7
  1265 | D:2      | Noticed Natasha
  1270 | D:2      | Killed Natasha
  1385 | D:2      | Gained mutation: A demonic guardian rushes to your aid.
                  | [demonic ancestry]
  1385 | D:2      | Reached XP level 4. HP: 30/30 MP: 5/8
  1478 | D:2      | Reached skill level 5 in Conjurations
  1636 | D:2      | Noticed Natasha
  1641 | D:2      | Killed Natasha
  1676 | D:2      | Found a sparkling altar of Nemelex Xobeh.
  1712 | D:2      | Found Cemp's Assorted Antiques.
  1838 | D:2      | Gained mutation: Spells you cast may paralyse adjacent
                  | enemies. [demonic ancestry]
  1838 | D:2      | Reached XP level 5. HP: 35/35 MP: 1/10
  1905 | D:$      | Got out of the dungeon alive.

Illustrated notes

Levels and vault maps discovered:
D:1:      minmay_arrival_diagonal_passages, layout_rooms, minivault_25,
          minmay_ruptured
D:2:      layout_basic, serial_shops, shop, basic_altar, uniq_natasha

Skill      XL: |  1  2  3  4 |
---------------+-------------+-----
Spellcasting   | 3 |  3.7
Conjurations   | 5 |  5.3
Dodging        | |  1.7
Stealth        | |  1.7

Action                     |  1- 3 |  4- 6 || total
---------------------------+-------+-------++-------
  Melee: Dagger            |    12 |     9 ||    21
         Punch             |       |     1 ||     1
   Cast: Magic Dart        |    74 |    31 ||   105
 Armour: Robe              |    10 |     5 ||    15
  Dodge: Dodged            |    11 |    12 ||    23

Table legend: (Time is in decaauts)
 A = Elapsed time spent in this place.
 B = Non-inter-level travel time spent in this place.
 C = Inter-level travel time spent in this place.
 D = Time resting spent in this place.
 E = Time spent auto-exploring this place.
 F = Levels seen in this place.
 G = Mean time per level.
                   A        B        C        D        E       F      G
               +--------+--------+--------+--------+--------+-----+--------+
         Total |   1912 |   1814 |     98 |      0 |   1593 |   2 |  956.0 |
       Dungeon |   1912 |   1814 |     98 |      0 |   1593 |   2 |  956.0 |
               +--------+--------+--------+--------+--------+-----+--------+

Top non-repeatable levels by time:
     D:1: 1077 daAuts
     D:2: 835 daAuts
